 Dungeon Crawl Stone Soup version 0.18.1-50-g88ac8fd (webtiles) character file.

89 Drunkenshrew the Gusty (level 4, -5/24 HPs)
             Began as a Tengu Air Elementalist on Sept 19, 2016.
             Slain by a giant frog (6 damage)
             ... on level 3 of the Dungeon.
             The game lasted 00:13:08 (1988 turns).

Drunkenshrew the Gusty (Tengu Air Elementalist)     Turns: 1988, Time: 00:13:08

Health: -5/24      AC:  7    Str:  9    XL:     4   Next: 55%
Magic:  4/8        EV: 10    Int: 15    God:
Gold:   65         SH:  4    Dex: 18    Spells: 1 memorised, 6 levels left

rFire  . . .     SeeInvis .     r - +0 broad axe
rCold  . . .     Gourm    .     n - +2 ring mail {MR+}
rNeg   . . .     Faith    .     h - +0 buckler (curse)
rPois  .         Spirit   .     (helmet restricted)
rElec  .         Dismiss  .     (no cloak)
rCorr  .         Reflect  .     (no gloves)
SustAt .         Harm     .     (boots unavailable)
MR     +....                    (no amulet)
Stlth  ++........               k - +3 ring of dexterity
                                j - ring of wizardry

@: very slightly contaminated, somewhat resistant to hostile enchantments,
unstealthy
A: beak, talons 3
a: no special abilities


You were on level 3 of the Dungeon.
You were not hungry.

You visited 1 branch of the dungeon, and saw 3 of its levels.

You collected 65 gold pieces.

Inventory:

Hand Weapons
 e - a +0 hand axe
 r - a +0 broad axe (weapon)
Missiles
 i - 44 arrows
Armour
 a - a +0 robe
 f - a +0 leather armour
 h - a cursed +0 buckler (worn)
 n - a +2 ring mail of magic resistance (worn)
Jewellery
 j - a ring of wizardry (left hand)
 k - a +3 ring of dexterity (right hand)
Scrolls
 g - a scroll of identify
Potions
 d - 3 potions of haste
 o - a potion of agility
 p - a potion of flight
 q - a potion of curing
Books
 b - a book of Air

   Spells                             Type                      Level
   a - Shock                          Conjuration/Air              1
   b - Swiftness                      Charms/Air                   2
   c - Repel Missiles                 Charms/Air                   2
   d - Static Discharge               Conjuration/Air              3
   e - Lightning Bolt                 Conjuration/Air              5
Comestibles
 m - 3 fruits


   Skills:
 + Level 1.5 Armour
 - Level 2.1 Dodging
 - Level 2.4 Stealth
 + Level 1.2 Shields
 + Level 2.3 Spellcasting
 + Level 2.3 Conjurations
 + Level 5.0 Air Magic


You had 6 spell levels left.
You knew the following spells:

 Your Spells              Type           Power        Failure   Level  Hunger
a - Shock                 Conj/Air       ##..         9%          1    #......


Dungeon Overview and Level Annotations

Branches:
Dungeon (3/15)

Altars:
Dithmenos


Innate Abilities, Weirdness & Mutations

You have a beak for a mouth.
You have claws for feet.


Message History

You closely miss the giant frog. You claw the giant frog.
You peck the giant frog.
The giant frog is almost dead.
The giant frog hits you. The giant frog closely misses you.
The giant frog hits you but does no damage.
You closely miss the giant frog. Your kick misses the giant frog.
The giant frog is almost dead.
The giant frog hits you.
* * * LOW HITPOINT WARNING * * *
The giant frog hits you.
* * * LOW HITPOINT WARNING * * *
You closely miss the giant frog.
You claw the giant frog, but do no damage.
The giant frog is almost dead.
The giant frog hits you but does no damage. x2
You hit the giant frog. Your kick misses the giant frog.
You peck the giant frog, but do no damage.
The giant frog is almost dead.
The giant frog closely misses you. The giant frog hits you.
You die...

#.####§§§####.#
#.§.# #.#
#..#####.#
#.....##.#
##.##.##.#
###.##.##.#
#.........#
#.#....######..
#.#.#..@F..w...
# #>...........
#.#..........
#.###........ #
#........
#.####### #.#
#.#


You could see a giant frog and a dart slug.

Vanquished Creatures
  The ghost of Leafly the Skirmisher, a weakling DsFi (D:3)
  An ooze (D:2)
  2 dart slugs (D:1)
  A giant gecko (D:2)
  A ball python (D:1)
  3 bats
  2 giant cockroaches (D:1)
  8 goblins
  6 hobgoblins
  3 giant newts
  2 kobolds (D:2)
  7 rats
37 creatures vanquished.

Notes
Turn   | Place    | Note
--------------------------------------------------------------
     0 | D:1      | Drunkenshrew the Tengu Air Elementalist began the quest for the Orb.
     0 | D:1      | Reached XP level 1. HP: 10/10 MP: 4/4
   472 | D:1      | Reached XP level 2. HP: 15/15 MP: 1/6
  1092 | D:2      | Reached XP level 3. HP: 19/19 MP: 4/7
  1641 | D:2      | Found a shadowy altar of Dithmenos.
  1742 | D:2      | Reached skill level 1 in Armour
  1938 | D:3      | Noticed Leafly's ghost (weakling DsFi)
  1947 | D:3      | Killed Leafly's ghost
  1947 | D:3      | Reached skill level 1 in Shields
  1947 | D:3      | Reached skill level 5 in Air Magic
  1947 | D:3      | Reached XP level 4. HP: 23/24 MP: 3/8
  1976 | D:3      | Noticed a giant frog
  1986 | D:3      | HP: 1/24 [giant frog (6)]
  1988 | D:3      | Slain by a giant frog

Skill      XL: |  1  2  3 |
---------------+----------+-----
Armour         | 1 |  1.5
Shields        | 1 |  1.2
Conjurations   | 2 |  2.3
Air Magic      | 5 |  5.0
Dodging        | |  2.1
Stealth        | |  2.4
Spellcasting   | |  2.3

Action                   |  1- 3 |  4- 6 || total
-------------------------+-------+-------++-------
Melee: Unarmed           |    10 |       ||    10
       Kick              |     7 |     4 ||    11
       Peck              |     5 |     2 ||     7
       Hand axe          |    20 |       ||    20
       Broad axe         |     5 |     8 ||    13
 Cast: Shock             |    64 |     3 ||    67
  Use: Scroll            |       |     7 ||     7
 Stab: Sleeping          |     1 |       ||     1
  Eat: Bread ration      |     1 |       ||     1
Armor: Robe              |     1 |       ||     1
       Ring mail         |    14 |     4 ||    18
Dodge: Dodged            |    29 |     5 ||    34
Block: Buckler           |     4 |     2 ||     6
